 Dungeon Crawl Stone Soup version 0.31-a0-446-g07c4bd200f (webtiles) character file.

Game seed: 6438938561034285122

149 Ethylacetat the Insei (level 5, -8/28 HPs)
             Began as a Vine Stalker Monk on Aug 3, 2023.
             Mangled by an ice beast (10 damage)
             ... on level 3 of the Dungeon.
             The game lasted 00:02:56 (1829 turns).

Ethylacetat the Insei (Vine Stalker Monk)           Turns: 1829, Time: 00:02:57

Health: -8/28      AC:  2    Str: 13    XL:     5   Next: 31%
Magic:  0/9        EV: 13    Int: 10    God:
Gold:   179        SH:  0    Dex: 19    Spells: 8/8 levels left

rFire   . . .        n - +2 dagger (venom)
rCold   . . .        c - orb {light}
rNeg    . . .        a - +0 robe
rPois   .            (helmet currently unavailable)
rElec   .            (cloak currently unavailable)
rCorr   .            (gloves currently unavailable)
SInv    .            (boots currently unavailable)
Will    .....        g - amulet of the acrobat
Stlth   +            (no ring)
HPRegen 1.04/turn    (no ring)
MPRegen 0.11/turn

%: acrobat, guardian spirit
@: beast-form, glowing
A: beast (slay +1), fangs 2, regeneration 1, magic shield, antimagic bite, no
potion heal 2
a: Begin Untransformation


You were on level 3 of the Dungeon.
You were a hulking beast.
You visited 1 branch of the dungeon, and saw 3 of its levels.

You collected 179 gold pieces.

Inventory:

Hand Weapons
 n - a +2 dagger of venom (weapon)
Armour
 a - a +0 robe (worn)
 c - an orb of light (worn)
Jewellery
 g - an amulet of the acrobat (around neck)
 p - a ring of poison resistance
Talismans
 i - a beast talisman (active)
Wands
 l - a wand of mindburst (16)
Scrolls
 e - 2 scrolls of immolation {unknown}
 f - 2 scrolls of identify {unknown}
 h - a scroll of enchant weapon {unknown}
 j - 4 scrolls of teleportation {unknown}
 k - a scroll of revelation {unknown}
 q - a scroll of amnesia {unknown}
Potions
 b - 2 potions of ambrosia
 d - a potion of mutation {unknown}
 m - a potion of lignification {unknown}
 o - 2 potions of heal wounds {unknown}


   Skills:
 + Level 3.6 Fighting
 - Level 2.4 Dodging
 + Level 3.9 Unarmed Combat
 + Level 2.2 Spellcasting
 * Level 1.5 Shapeshifting


You had 8 spell levels left.
You didn't know any spells.
Your spell library contained the following spells:

 Spells                   Type           Power      Damage    Failure   Level
 Inner Flame              Hex/Fire       1%         N/A       67%         3
 Yara's Violent Unravell  Hex/Tmut       0%         3d3       100%        5
 Enfeeble                 Hex            0%         N/A       100%        7


Dungeon Overview and Level Annotations

Branches:
Dungeon (3/15)

Altars:


Innate Abilities, Weirdness & Mutations

You are a hulking beast.
Your limbs bulge with bestial killing power. (Slay +1)
You have extremely sharp teeth.
Your natural rate of healing is unusually fast.
When hurt, damage is shared between your health and your magic reserves.
Your bite disrupts and absorbs the magic of your enemies.
Potions cannot restore your health.


Message History

You barely miss the ice beast. You bite the ice beast. You drain its power.
The ice beast is lightly wounded.
The ice beast hits you. The ice beast freezes you!
The ice beast attacks as you move away! The ice beast barely misses you.
You hit the ice beast. You bite the ice beast. You drain its power.
You feel invigorated.
The ice beast is moderately wounded.
The ice beast hits you. The ice beast freezes you.
You hit the ice beast but do no damage. You bite the ice beast.
You drain its power.
You feel invigorated.
The ice beast is moderately wounded.
The ice beast barely misses you. The ice beast attacks as you move away!
The ice beast misses you. The ice beast attacks as you move away!
The ice beast completely misses you.
You hit the ice beast but do no damage.
The ice beast is poisoned.
You bite the ice beast. You drain its power.
The ice beast is moderately wounded.
The ice beast barely misses you. The ice beast attacks as you move away!
The ice beast misses you.
You hit the ice beast but do no damage.
The ice beast is heavily wounded.
The ice beast hits you. The ice beast freezes you!
The ice beast attacks as you move away! The ice beast barely misses you.
The ice beast attacks as you move away! The ice beast completely misses you.
You completely miss the ice beast.
The ice beast is heavily wounded.
The ice beast hits you. The ice beast freezes you!
* * * LOW HITPOINT WARNING * * *
The ice beast attacks as you move away! The ice beast misses you.
The ice beast attacks as you move away! The ice beast hits you.
The ice beast freezes you!
* * * LOW HITPOINT WARNING * * *
The ice beast looks more healthy.
You hit the ice beast but do no damage.
You bite the ice beast, but do no damage.
The ice beast is severely wounded.
The ice beast hits you.
* * * LOW HITPOINT WARNING * * *
The ice beast freezes you!
You die...

#.# #<...##...##
#.# #.##.)).....
#.# #.####)#>###
#.# #.# #)#.# #.#
#.# #)#.#
##.#####.# #.#.#
.# #........#
#...# .#
#..####### #.###
.# ########.h#
####.# ###.#
.........Y# #....#
.... #########.#
#.##...... ...#
#.# ####.#######.
##.#############.#
#.......#
#................#
#.##.##.#
#..###############
# #.##<#
#....(.... #.##.##
#.######## #[....#


You could see an ice beast.

Vanquished Creatures
  Robin (D:3)
  A gnoll (D:2)
  3 adders
  6 worms
  2 dart slugs
  An orc (D:2)
  7 bats
  7 endoplasms
  3 giant cockroaches
  12 goblins
  6 hobgoblins
  3 jackals (D:1)
  2 kobolds
  6 quokkas
  3 ball pythons
  7 frilled lizards
  3 rats
73 creatures vanquished.

Notes
Turn   | Place    | Note
-------+----------+-------------------------------------------
     0 | D:1      | Ethylacetat the Vine Stalker Monk began the quest for the
                  | Orb.
     0 | D:1      | Reached XP level 1. HP: 11/11 MP: 2/2
    92 | D:1      | Reached XP level 2. HP: 16/16 MP: 2/4
   254 | D:1      | Reached skill level 1 in Spellcasting
   628 | D:1      | Reached XP level 3. HP: 20/20 MP: 5/5
  1083 | D:2      | Gained mutation: Your natural rate of healing is unusually
                  | fast. [Vine Stalker growth]
  1083 | D:2      | Reached XP level 4. HP: 11/24 MP: 5/7
  1545 | D:3      | Reached skill level 1 in Shapeshifting
  1568 | D:3      | Noticed Robin
  1637 | D:3      | Reached XP level 5. HP: 21/28 MP: 7/9
  1646 | D:3      | Killed Robin
  1797 | D:3      | Noticed an ice beast
  1829 | D:3      | Mangled by an ice beast

Illustrated notes

Levels and vault maps discovered:
D:1:      mrwooster_arrival_statue, layout_loops_cross
D:2:      minmay_wonky_spiral, layout_basic, lightli_corner_chamber
D:3:      layout_loops_ring, general_overflow_altar,
          hellmonk_ecumenical_altar_zigzags, roderic_three_in_a_row,
          minmay_starry_boxes, uniq_robin, uniq_crazy_yiuf_cottage, uniq_natasha

Skill      XL: |  1  2  3  4 |
---------------+-------------+-----
Fighting       | 3 |  3.6
Spellcasting   | 1 2 |  2.2
Shapeshifting  | 1 |  1.5
Dodging        | |  2.4
Unarmed Combat | |  3.9

Action                     |  1- 3 |  4- 6 || total
---------------------------+-------+-------++-------
  Melee: Unarmed           |   108 |    75 ||   183
         Bite              |    28 |    34 ||    62
         Dagger            |       |    19 ||    19
 Armour: Robe              |    12 |     7 ||    19
  Dodge: Dodged            |    60 |    61 ||   121
   Form: Beast             |     1 |       ||     1

Table legend: (Time is in decaauts)
 A = Elapsed time spent in this place.
 B = Non-inter-level travel time spent in this place.
 C = Inter-level travel time spent in this place.
 D = Time resting spent in this place.
 E = Time spent auto-exploring this place.
 F = Levels seen in this place.
 G = Mean time per level.
                   A        B        C        D        E       F      G
               +--------+--------+--------+--------+--------+-----+--------+
         Total |   1817 |   1758 |     59 |      9 |   1320 |   3 |  605.7 |
       Dungeon |   1817 |   1758 |     59 |      9 |   1320 |   3 |  605.7 |
               +--------+--------+--------+--------+--------+-----+--------+

Top non-repeatable levels by time:
     D:1: 822 daAuts
     D:2: 704 daAuts
     D:3: 290 daAuts
